 Dungeon Crawl Stone Soup version 0.27-a0-1139-g28e009f8a6 (webtiles) character file.

Game seed: 4829040521370806431

37 siradein the Cudgeller (level 3, -1/27 HPs)
             Began as a Demonspawn Gladiator on May 7, 2021.
             Slain by a gnoll
             ... wielding a +0 club
              (8 damage)
             ... on level 1 of the Dungeon.
             The game lasted 00:02:09 (1272 turns).

siradein the Cudgeller (Demonspawn Gladiator)       Turns: 1272, Time: 00:02:09

Health: -1/27      AC:  4    Str: 15    XL:     3   Next: 21%
Magic:  3/3        EV: 12    Int:  9    God:
Gold:   59         SH:  0    Dex: 14    Spells: 2/2 levels left

rFire    . . .     SeeInvis +   a - +0 flail
rCold    . . .     Faith    .   (no shield)
rNeg     . . .     Spirit   .   b - +0 leather armour
rPois    .         Reflect  .   (helmet restricted)
rElec    .         Harm     .   (no cloak)
rCorr    .         Rampage  .   c - +0 pair of gloves
Will     .....                  (no boots)
Stlth    +.........             (no amulet)
HPRegen  0.09/turn              f - ring of see invisible
MPRegen  0.08/turn              (no ring)

@: no status effects
A: antennae 1
a: no special abilities


You were on level 1 of the Dungeon.
You visited 1 branch of the dungeon, and saw 2 of its levels.

You collected 59 gold pieces.

Inventory:

Hand Weapons
 a - a +0 flail (weapon)
Missiles
 d - 3 throwing nets (quivered)
 h - 8 atropa-tipped darts
Armour
 b - a +0 leather armour (worn)
 c - a +0 pair of gloves (worn)
Jewellery
 f - a ring of see invisible (left hand)
Potions
 e - a potion of haste {unknown}
 g - a potion of ambrosia {unknown}
 i - a potion of resistance {unknown}
 j - a potion of lignification {unknown}


   Skills:
 - Level 2.0 Fighting
 + Level 4.0 Maces & Flails
 - Level 1.7 Throwing
 - Level 2.6 Dodging


You had 2 spell levels left.
You didn't know any spells.
Your spell library was empty.

Dungeon Overview and Level Annotations

Branches:
Dungeon (2/15)

Altars:


Innate Abilities, Weirdness & Mutations

You have a pair of small antennae on your head.


Message History

The gnoll shouts!
The ball python hisses angrily.
You hit the gnoll.
The gnoll is moderately wounded.
You hear a shout!
The gnoll hits you with a +0 flail.
A gnoll comes into view. It is wielding a +4 spear.
The gnoll shouts!
You sock the gnoll!
The gnoll is almost dead.
The gnoll hits you with a +0 flail! The gnoll hits you but does no damage.
You hit the gnoll.
You kill the gnoll!
Your Maces & Flails skill increases to level 4!
You have reached level 3!
Your experience leads to an increase in your attributes!
Increase (S)trength, (I)ntelligence, or (D)exterity?
You feel stronger. The ball python bites you.
The ball python barely misses you.
The ball python bites you but does no damage.
The ball python misses you. The ball python bites you.
The ball python grabs you. The ball python constricts you.
You escape the ball python's grasp.
The ball python barely misses you. x2
The ball python closely misses you. x2
The ball python closely misses you. x2
There is a stone staircase leading up here.
The ball python bites you. The ball python grabs you.
You stop ascending the stairs.
The ball python constricts you.
You escape the ball python's grasp.
The gnoll closely misses you. The gnoll hits you with a +0 club.
* * * LOW HITPOINT WARNING * * *
You climb upwards.
There is a stone staircase leading down here.
The ball python bites you but does no damage.
The ball python grabs you. The ball python constricts you.
The ball python barely misses you. The ball python constricts you.
You escape the ball python's grasp.
The gnoll closely misses you. The gnoll hits you with a +0 club!
You die...

#....รท[..#####......###.###
#.
#######...................#
## #.............###...# #
#....)........############
#.............#...S.......
#.........#####.##########
#.........# #.#
#.........#####.## ####
#........@##.....# #...
###......Sg......# #...
#..............# #...
#..............# #...
#..............# #...
#..........##### #...
#..........# #...
############ #... #...


You could see a gnoll and a ball python.

Vanquished Creatures
  A gnoll (D:2)
  2 dart slugs
  An orc (D:2)
  An endoplasm (D:1)
  A giant cockroach (D:2)
  3 hobgoblins (D:1)
  3 jackals (D:1)
  A quokka (D:1)
  A ball python (D:1)
  2 bats
  2 goblins (D:1)
  3 kobolds (D:1)
  A rat (D:1)
22 creatures vanquished.

Notes
Turn   | Place    | Note
-------+----------+-------------------------------------------
     0 | D:1      | siradein the Demonspawn Gladiator began the quest for the
                  | Orb.
     0 | D:1      | Reached XP level 1. HP: 16/16 MP: 1/1
   350 | D:1      | Found a faded altar of an unknown god.
   360 | D:1      | Reached skill level 3 in Maces & Flails
   483 | D:1      | Gained mutation: You have a pair of small antennae on your
                  | head. [demonic ancestry]
   483 | D:1      | Reached XP level 2. HP: 17/22 MP: 2/2
  1231 | D:2      | Reached skill level 4 in Maces & Flails
  1231 | D:2      | Reached XP level 3. HP: 13/27 MP: 3/3
  1272 | D:1      | Slain by a gnoll

Illustrated notes

Levels and vault maps discovered:
D:1:      lemuel_arrival_hallway, layout_basic,
          hellmonk_ecumenical_altar_prayer_group, due_unseen_surprise
D:2:      layout_rooms, serial_shops, nicolae_shop_behind_doors, uniq_jessica

Skill      XL: |  1  2 |
---------------+-------+-----
Maces & Flails | 3 4 |  4.0
Fighting       | |  2.0
Throwing       | |  1.7
Dodging        | |  2.6

Action                   || total
-------------------------++-------
Melee: Flail             ||    60
 Stab: Sleeping          ||     1
Armor: Leather armour    ||    26
Dodge: Dodged            ||    49

Table legend: (Time is in decaauts)
 A = Elapsed time spent in this place.
 B = Non-inter-level travel time spent in this place.
 C = Inter-level travel time spent in this place.
 D = Time resting spent in this place.
 E = Time spent auto-exploring this place.
 F = Levels seen in this place.
 G = Mean time per level.
                   A        B        C        D        E       F      G
               +--------+--------+--------+--------+--------+-----+--------+
         Total |   1285 |   1217 |     68 |      0 |   1013 |   2 |  642.5 |
       Dungeon |   1285 |   1217 |     68 |      0 |   1013 |   2 |  642.5 |
               +--------+--------+--------+--------+--------+-----+--------+

Top non-repeatable levels by time:
     D:1: 1110 daAuts
     D:2: 174 daAuts
